Selects Airborne Battlegroup
Selects Heavy Machine Gun Paradrop
Heavy Machine Gun Paradrop
Construct Weapon Support Center
Heavy Machine Gun Paradrop
Selects Paratrooper Squad Paradrop
Paratrooper Squad Paradrop
Paratrooper Squad Paradrop
Construct Medical Station
Heavy Machine Gun Paradrop
Paratrooper Squad Paradrop
Selects Dual P-47 Rocket Strike
Selects Anti-tank Gun Team Paradrop
Anti-tank Gun Team Paradrop
M18 Hellcat Tank Destroyer